 Dungeon Crawl Stone Soup version 0.20-a0-809-gaf7f668 (webtiles) character file.

23317 Gorglomux the Cleaver (level 12, -8/118 HPs)
             Began as a Deep Dwarf Wanderer on Mar 2, 2017.
             Was a High Priest of Makhleb.
             Mangled by a crocodile (9 damage)
             ... on level 4 of the Lair of Beasts.
             The game lasted 00:48:16 (11198 turns).

Gorglomux the Cleaver (Deep Dwarf Wanderer)        Turns: 11198, Time: 00:48:16

Health: -8/118     AC:  9    Str: 24    XL:     12   Next: 70%
Magic:  11/11      EV: 15    Int: 14    God:    Makhleb [*****.]
Gold:   992        SH:  0    Dex: 15    Spells: 11/11 levels left

rFire    + . .     SeeInvis .   a - +3 battleaxe
rCold    . . .     Gourm    +   x - +1 scale mail of the Cricket {Str+2 Dex+5 Slay+3}
rNeg     + . .     Faith    .   (shield currently unavailable)
rPois    .         Spirit   .   (no helmet)
rElec    .         Reflect  .   G - scarf {repulsion}
rCorr    .         Harm     .   (no gloves)
MR       +....                  (no boots)
Stlth    ..........             P - amulet of the gourmand
Regen    0.0/turn               I - ring of positive energy
MPRegen  0.2/turn               f - ring of protection from fire

@: very slightly contaminated, non-regenerating, repel missiles
A: damage resistance, heal wounds, sense surroundings 2, no regeneration
a: Heal Wounds, Minor Destruction, Lesser Servant of Makhleb, Major Destruction,
Greater Servant of Makhleb, Renounce Religion


You were on level 4 of the Lair of Beasts.
You worshipped Makhleb.
Makhleb was extremely pleased with you.
You were completely stuffed.

You visited 3 branches of the dungeon, and saw 16 of its levels.
You also visited: Bailey.

You collected 992 gold pieces.

Inventory:

Hand Weapons
 a - a +3 battleaxe (weapon)
 b - the +7 captain's cutlass {speed, disarm}
   (You took it off a hobgoblin in a bailey)

   Attacks with this weapon are significantly faster.
Missiles
 p - 46 tomahawks of returning (quivered)
 Z - a throwing net
Armour
 x - the +1 scale mail of the Cricket (worn) {Str+2 Dex+5 Slay+3}
   (You found it on level 5 of the Dungeon)

   It affects your strength (+2).
   It affects your dexterity (+5).
   It affects your accuracy and damage with ranged weapons and melee attacks
   (+3).
 G - a scarf of repulsion (worn)
Jewellery
 f - a ring of protection from fire (left hand)
 z - the ring "Xiys" {Fire Dex+4 SInv}
   (You took it off a hobgoblin in a bailey)

   [ring of fire]

   It enhances your fire magic.
   It affects your dexterity (+4).
   It protects you from fire.
   It makes you vulnerable to cold.
   It lets you see invisible.
 I - a ring of positive energy (right hand)
 P - an amulet of the gourmand (around neck)
 R - a +1 ring of evasion {unknown}
Wands
 D - a wand of digging (20/24)
 L - a wand of lightning (9/15)
 O - a wand of clouds (5/9)
 S - a wand of scattershot (7/9)
Scrolls
 i - a scroll of immolation
 k - 8 scrolls of remove curse
 l - a scroll of holy word
 m - a scroll of enchant weapon {unknown}
 q - a scroll of noise {unknown}
 r - a scroll of acquirement {unknown}
 u - a scroll of vulnerability {unknown}
 v - a scroll of summoning {unknown}
 w - a scroll of fog {unknown}
 B - 3 scrolls of blinking
 K - 2 scrolls of fear {unknown}
 M - 3 scrolls of magic mapping
 N - 6 scrolls of enchant armour
 T - 3 scrolls of teleportation
 W - a scroll of recharging
Potions
 e - a potion of mutation
 h - 2 potions of might
 j - a potion of heal wounds
 o - a potion of ambrosia {unknown}
 t - a potion of agility
 A - 2 potions of cancellation {unknown}
 C - 2 potions of haste
 E - a potion of flight
 F - a potion of berserk rage {unknown}
 H - a potion of invisibility {unknown}
 J - a potion of resistance {unknown}
 Q - 6 potions of brilliance
 V - a potion of magic {unknown}
 X - 3 potions of lignification
Books
 Y - a book of Minor Magic

   Spells                             Type                      Level
   a - Magic Dart                     Conjuration                  1
   b - Blink                          Translocation                2
   c - Call Imp                       Summoning                    2
   d - Slow                           Hexes                        2
   e - Conjure Flame                  Conjuration/Fire             3
   f - Mephitic Cloud                 Conjuration/Poison/Air       3
Comestibles
 d - 9 bread rations
 n - 3 fruits
 y - 6 meat rations
 U - 12 royal jellies


   Skills:
 + Level 10.7 Fighting
 + Level 12.5 Axes
 + Level 9.7 Armour
 + Level 8.5 Dodging
 - Level 1.2 Stealth
   Level 1.1 Shields
 - Level 11.0 Invocations
 + Level 4.4 Evocations


You had 11 spell levels left.
You didn't know any spells.

Dungeon Overview and Level Annotations

Branches:
Dungeon (11/15)            Temple (1/1) D:7            Lair (4/6) D:11
  Swamp (0/4) Lair:2        Snake (0/4) Lair:3          Orc (0/2) D:9

Altars:
Ashenzari
Cheibriados
Dithmenos
Elyvilon
Fedhas
Gozag
Kikubaaqudgha
Makhleb
Nemelex Xobeh
Okawaru
Qazlal
Ru
Sif Muna
Trog
Uskayaw
Vehumet
Wu Jian
Xom
Yredelemnul
Zin
The Shining One
Beogh

Shops:
D:7 (

Annotations:
Lair:1 exclusion: oklob plant


Innate Abilities, Weirdness & Mutations

You are resistant to damage.
You can heal yourself by infusing magical energy.
You passively map the area around you.
You do not regenerate.


Message History

As you read the scroll of blinking, it crumbles to dust.
The cacodemon gestures at you.
You are confused.
You're too confused!
You feel better.
As you read the scroll of teleportation, it crumbles to dust.
You feel strangely unstable. The death yak gores you.
* * * LOW HITPOINT WARNING * * *
The death yak gores you!
* * * LOW HITPOINT WARNING * * *
The death yak misses you. The death yak completely misses you.
Your surroundings seem slightly different.
The cacodemon hits you but does no damage.
The cacodemon hits you!
* * * LOW HITPOINT WARNING * * *
The death yak gores you.
* * * LOW HITPOINT WARNING * * *
The crocodile bites you!
You die...

....#*### ##..††.≈≈# *
,
....###.######....†.≈#
* *
....................≈#
, , *
....................≈#
* *
.....(.............§##
≈**
....................#
*
....##.#P..##.#...Y.#
, , ≈*
#...#####.####..lYY.#
* ..⌠..## #..#
##.@YY.# * * , ......#
#.## #..2t..#
..<.⌠##*... *##...Y.#
.....# *..., #.....# *
#.⌠.## ##### #.....#
##### ##.t...# * ** *
* #P.....# , , ,
#........., , ,
,..........., ,


You could see a cacodemon, 6 death yaks, 2 crocodiles and an iguana.

Vanquished Creatures
  The ghost of Klosterheim the Ogre Mage, a journeyman OgWz of Sif Muna (D:9)
  A hydra (Lair:2)
  Fannar (D:10)
  2 two-headed ogres
  The ghost of Malvoorn the Spear-Bearer, a novice MfSk of Ashenzari (D:8)
  An orc knight (Bailey)
  A centaur zombie (D:10)
  4 elephants (Lair:2)
  Joseph (D:7)
  6 spiny frogs
  4 komodo dragons
  A meliai (shapeshifter) (D:11)
  Grinder (D:5)
  A hippogriff (D:9)
  2 basilisks
  14 yaks
  3 hogs (D:10)
  A human (D:10)
  Grum (D:8)
  2 hungry ghosts
  7 water moccasins
  3 porcupines
  A black bear (D:11)
  4 sky beasts
  21 orc warriors
  A phantom (D:10)
  3 ice beasts
  5 ogres
  6 crocodiles
  7 wolves
  3 centaurs (D:6)
  17 bullfrogs
  A gnoll sergeant (D:10)
  2 water moccasin zombies
  2 water moccasin skeletons (D:10)
  12 killer bees
  6 scorpions
  11 wights
  4 howler monkeys
  4 crimson imps
  A quasit (D:10)
  8 hounds
  A bullfrog zombie (D:8)
  12 orc wizards
  3 jellies
  9 orc priests
  A centaur skeleton (D:10)
  Jessica (D:9)
  4 iguanas
  Natasha (thrice) (D:4)
  11 worker ants
  2 hound zombies (D:5)
  A hound skeleton (D:5)
  2 howler monkey zombies (D:5)
  A worker ant zombie (D:8)
  9 adders
  11 gnolls
  4 howler monkey skeletons
  3 shadow imps
  An ooze (D:4)
  An adder skeleton (D:6)
  2 adder zombies
  2 worms (D:3)
  11 leopard geckos
  55 orcs
  A ball python (D:2)
  6 giant cockroaches
  17 goblins
  7 hobgoblins
  9 jackals
  23 kobolds
  7 quokkas
  13 bats
  4 frilled lizards
  A leopard gecko skeleton (D:4)
  A quokka zombie (D:7)
  6 rats
  A bush (Lair:3)
  A fungus (Lair:2)
  A plant (Lair:2)
426 creatures vanquished.

Vanquished Creatures (collateral kills)
  A tengu conjurer (D:11)
  A hippogriff (D:10)
  A water moccasin (D:10)
3 creatures vanquished.

Vanquished Creatures (others)
  A leopard gecko (D:10)
  A fungus (D:4)
2 creatures vanquished.

Grand Total: 431 creatures vanquished

Notes
Turn   | Place    | Note
-------+----------+-------------------------------------------
     0 | D:1      | Gorglomux the Deep Dwarf Wanderer began the quest for the Orb.
     0 | D:1      | Gorglomux set off with: a +2 scale mail, a +0 hand axe, a bread ration, a scroll of teleportation
     0 | D:1      | Reached XP level 1. HP: 18/18 MP: 1/1
   114 | D:1      | Reached XP level 2. HP: 23/25 MP: 2/2
   129 | D:1      | Reached skill level 4 in Axes
   427 | D:2      | Found a sparkling altar of Nemelex Xobeh.
   436 | D:2      | Found an ornate altar of the Wu Jian Council.
   443 | D:2      | Found a basalt altar of Yredelemnul.
   443 | D:2      | Found a sacrificial altar of Ru.
   443 | D:2      | Found a shimmering altar of Xom.
   444 | D:2      | Found a glowing golden altar of the Shining One.
   445 | D:2      | Found an opulent altar of Gozag.
   506 | D:2      | Reached XP level 3. HP: 11/31 MP: 3/3
   655 | D:2      | Reached skill level 5 in Axes
   840 | D:2      | Reached XP level 4. HP: 29/38 MP: 4/4
  1369 | D:3      | Reached skill level 6 in Axes
  1533 | D:3      | Reached XP level 5. HP: 29/44 MP: 5/5
  1969 | D:4      | Reached skill level 7 in Axes
  1987 | D:4      | Reached XP level 6. HP: 10/51 MP: 6/6
  2096 | D:4      | Noticed Natasha
  2116 | D:4      | Killed Natasha
  2139 | D:4      | Reached skill level 8 in Axes
  2282 | D:4      | Noticed Natasha
  2293 | D:4      | Killed Natasha
  2473 | D:4      | Reached XP level 7. HP: 45/57 MP: 7/7
  2479 | D:4      | Reached skill level 9 in Axes
  2599 | D:4      | Noticed Natasha
  2617 | D:4      | Killed Natasha
  2687 | D:5      | Entered Level 5 of the Dungeon
  2806 | D:5      | Noticed Grinder
  2817 | D:5      | Reached skill level 10 in Axes
  2843 | D:5      | Paralysed by Grinder for 7 turns
  2885 | D:5      | Paralysed by Grinder for 4 turns
  2898 | D:5      | Killed Grinder
  2898 | D:5      | Reached XP level 8. HP: 23/64 MP: 7/7
  3162 | D:5      | Reached skill level 11 in Axes
  3202 | D:5      | Found a shattered altar of Ashenzari.
  3398 | D:5      | Got a citrine-encrusted scale mail
  3409 | D:5      | Identified the +1 scale mail of the Cricket {Str+2 Dex+5 Slay+3} (You found it on level 5 of the Dungeon)
  3774 | D:6      | Reached skill level 12 in Axes
  3803 | D:6      | Reached skill level 1 in Dodging
  3920 | D:6      | Gained mutation: You passively map the area around you. [Deep Dwarf growth]
  3920 | D:6      | Reached XP level 9. HP: 33/74 MP: 7/7
  4144 | D:6      | Reached skill level 3 in Dodging
  4156 | D:6      | Reached skill level 3 in Fighting
  4348 | D:6      | Reached skill level 6 in Armour
  4671 | D:7      | Found Zarghen's Weapon Emporium.
  4746 | D:7      | Got a scorched trident
  4747 | D:7      | Identified the +10 trident "Ycidyn" {pain, MR+ Dex+6} (You found it on level 7 of the Dungeon)
  4757 | D:7      | Found a staircase to the Ecumenical Temple.
  4758 | D:7      | Noticed Joseph
  4772 | D:7      | Killed Joseph
  4800 | Temple   | Entered the Ecumenical Temple
  4831 | Temple   | Became a worshipper of Makhleb the Destroyer
  5127 | D:7      | Found a flagged portal.
  5134 | Bailey   | Entered a bailey
  5283 | Bailey   | Noticed an orc knight
  5294 | Bailey   | Reached * piety under Makhleb
  5308 | Bailey   | Killed an orc knight
  5308 | Bailey   | Reached skill level 6 in Dodging
  5308 | Bailey   | Reached XP level 10. HP: 19/88 MP: 5/5
  5351 | Bailey   | Got a vibrating pewter ring
  5595 | D:7      | Identified the ring "Xiys" {Fire Dex+4 SInv} (You took it off a hobgoblin in a bailey)
  5631 | D:8      | Noticed a two-headed ogre
  5654 | D:8      | Killed a two-headed ogre
  5777 | D:8      | Noticed Malvoorn's ghost (novice MfSk)
  5861 | D:8      | Killed Malvoorn's ghost
  5861 | D:8      | Reached skill level 6 in Fighting
  5874 | D:8      | Noticed Grum
  5890 | D:8      | Killed Grum
  5956 | D:8      | Reached ** piety under Makhleb
  6095 | D:8      | Reached skill level 9 in Armour
  6212 | D:8      | Found a hide-covered altar of Uskayaw.
  6553 | D:9      | Reached skill level 1 in Invocations
  6585 | D:9      | Found a staircase to the Orcish Mines.
  6604 | D:9      | You fall through a shaft for 2 floors!
  6611 | D:10     | Entered Level 10 of the Dungeon
  6781 | D:9      | Reached skill level 3 in Invocations
  6946 | D:9      | Noticed Jessica
  6949 | D:9      | Noticed Klosterheim's ghost (journeyman OgWz)
  6949 | D:9      | Killed Jessica
  6968 | D:9      | Killed Klosterheim's ghost
  6968 | D:9      | Reached *** piety under Makhleb
  6968 | D:9      | Reached XP level 11. HP: 51/100 MP: 6/8
  6978 | D:9      | Found a deep blue altar of Sif Muna.
  7499 | D:10     | Reached skill level 6 in Invocations
  7856 | D:10     | Noticed Fannar
  7864 | D:10     | Killed Fannar
  7864 | D:10     | Reached **** piety under Makhleb
  7963 | D:10     | Reached skill level 9 in Fighting
  8242 | D:11     | Reached skill level 9 in Invocations
  8261 | D:11     | HP: 5/106 [orc priest/divine providence (14)]
  8268 | D:11     | Found a roughly hewn altar of Beogh.
  8270 | D:11     | Reached ***** piety under Makhleb
  8319 | D:11     | Noticed a two-headed ogre
  8327 | D:11     | Killed a two-headed ogre
  8332 | D:11     | Found a staircase to the Lair.
  8682 | Lair:1   | Entered Level 1 of the Lair of Beasts
  8682 | Lair:1   | Noticed an oklob plant
  8774 | Lair:1   | Reached XP level 12. HP: 37/116 MP: 13/13
  9490 | Lair:2   | Found a staircase to the Swamp.
  9887 | Lair:2   | Reached skill level 1 in Evocations
 10438 | Lair:2   | Noticed an eight-headed hydra
 10457 | Lair:2   | Killed an eight-headed hydra
 10457 | Lair:2   | Reached skill level 3 in Evocations
 10759 | Lair:3   | Found a staircase to the Snake Pit.
 11173 | Lair:4   | Noticed a death yak
 11173 | Lair:4   | Noticed a death yak
 11175 | Lair:4   | Noticed a death yak
 11175 | Lair:4   | Noticed a death yak
 11176 | Lair:4   | Noticed a death yak
 11176 | Lair:4   | Noticed a death yak
 11191 | Lair:4   | Noticed a cacodemon
 11197 | Lair:4   | HP: 3/118 [cacodemon[the player character] (16)]
 11198 | Lair:4   | HP: 1/118 [death yak (2)]
 11198 | Lair:4   | Mangled by a crocodile

Vault maps used:
D:1:      zelgadis_glass_arrival_small
D:2:      minitemple
D:3:      minmay_door_path, serial_curves, eino_curves_02, eino_curves_01
D:4:      old_forge, first_bread, minmay_misc_feat_room, uniq_natasha
D:5:      cheibrodos_ashenzari_chains, uniq_grinder
D:6:      kennysheep_six_static_rooms
D:7:      minmay_temple_entry_large_hall, enter_bailey_3, serial_shops,
          nicolae_shop_window_shopping, uniq_joseph
D:8:      basic_altar, uniq_grum
D:9:      tgw_sif, orc_0_dummy
D:10:     grunt_livestock, uniq_fannar
D:11:     lair_entry_dummy
Temple:   cyrus_circular_temple
Lair:1:   dpeg_stationary_puzzle
Lair:2:   swamp_mist, beast_lair_carwin_4
Lair:3:   dummy_snake_entry
Lair:4:   lemuel_reptile_caves, grunt_megastairs_1
Bailey:   bailey_axe_1, bailey

Skill      XL: |  1  2  3  4  5  6  7  8  9 10 11 12 |
---------------+-------------------------------------+-----
Axes           | 4 5 6 7 8 10 12 | 12.5
Dodging        | 2 6 7 8 |  8.5
Fighting       | 2 5 7 9 10 | 10.7
Armour         | 5 7 9 |  9.7
Invocations    | 4 10 11 | 11.0
Evocations     | 4 |  4.4
Stealth        | |  1.2
Shields        | |  1.1

Action                   |  1- 3 |  4- 6 |  7- 9 | 10-12 || total
-------------------------+-------+-------+-------+-------++-------
Melee: Hand axe          |   141 |    14 |   123 |       ||   278
       Whip              |       |   186 |   255 |       ||   441
       Battleaxe         |       |       |    54 |   587 ||   641
       Trident           |       |       |    41 |       ||    41
       Cutlass           |       |       |       |    24 ||    24
Throw: Tomahawk          |       |       |     4 |     1 ||     5
Invok: Minor Destruction |       |       |       |    47 ||    47
       Lesser Servant of |       |       |       |     4 ||     4
       Greater Servant o |       |       |       |     1 ||     1
 Abil: Heal Wounds       |     1 |     5 |    16 |    14 ||    36
Evoke: Wand              |       |       |       |     2 ||     2
  Use: Scroll            |     4 |       |     1 |    13 ||    18
       Potion            |       |       |     3 |     2 ||     5
 Stab: Held in net/web   |       |       |     1 |       ||     1
       Distracted        |       |       |       |     2 ||     2
  Eat: Chunk             |       |     5 |    10 |    33 ||    48
Armor: Scale mail        |   103 |    43 |    79 |   178 ||   403
       Chain mail        |       |    45 |    93 |       ||   138
Dodge: Dodged            |    77 |    79 |   243 |   536 ||   935
       Deflected         |       |       |    29 |     2 ||    31
